 Dungeon Crawl Stone Soup version 0.17-a0-1920-gafa4d75 (webtiles) character file.

49 pk666 the Magician (level 3, -1/19 HPs)
             Began as a Deep Elf Wizard on Sept 27, 2015.
             Slain by a goblin
             ... wielding a +0 club
             ... led by Robin
              (3 damage)
             ... on level 3 of the Dungeon.
             The game lasted 00:05:17 (1990 turns).

pk666 the Magician (Deep Elf Wizard)                Turns: 1990, Time: 00:05:17

Health: -1/19      AC:  2    Str:  4    XL:     3   Next: 53%
Magic:  2/11       EV:  7    Int: 23    God:
Gold:   133        SH:  0    Dex: 13    Spells: 5 memorised, 1 level left

rFire  . . .     SeeInvis .     g - +0 dagger
rCold  . . .     Clarity  .     a - +0 robe
rNeg   . . .     SustAt   .     (no shield)
rPois  .         Gourm    .     b - +0 hat
rElec  .         Spirit   .     (no cloak)
rCorr  +         Warding  .     (no gloves)
rMut   .         Stasis   .     (no boots)
MR     .....                    n - amulet of resist corrosion
Stlth  ++........               (no ring)
                                (no ring)

@: very slightly contaminated, repel missiles, not resistant to hostile
enchantments, unstealthy
A: no striking features
a: no special abilities


You were on level 3 of the Dungeon.
You were not hungry.

You visited 1 branch of the dungeon, and saw 3 of its levels.

You collected 133 gold pieces.

Inventory:

Hand weapons
 g - a +0 dagger (weapon)
Armour
 a - a +0 robe (worn)
 b - a +0 hat (worn)
Jewellery
 n - an amulet of resist corrosion (around neck)
Scrolls
 e - 4 scrolls of remove curse {unknown}
 f - a scroll of magic mapping {unknown}
 h - 3 scrolls of enchant armour {unknown}
 q - a scroll of enchant weapon {unknown}
 s - a scroll of noise {unknown}
 t - a scroll of teleportation {unknown}
Potions
 i - 3 potions of brilliance {unknown}
 j - a potion of degeneration {unknown}
 k - a potion of curing {unknown}
 o - a potion of cancellation {unknown}
 u - a potion of resistance {unknown}
Books
 c - a book of Minor Magic

   Spells                             Type                      Level
   a - Magic Dart                     Conjuration                  1
   b - Blink                          Translocation                2
   c - Call Imp                       Summoning                    2
   d - Repel Missiles                 Charms/Air                   2
   e - Slow                           Hexes                        2
   f - Conjure Flame                  Conjuration/Fire             3
   g - Mephitic Cloud                 Conjuration/Poison/Air       3
Comestibles
 d - 3 bread rations
 l - a slice of pizza
 m - a meat ration
 p - 3 chunks of flesh
 r - a beef jerky


   Skills:
 - Level 2.4 Dodging
 - Level 2.4 Stealth
 + Level 5.1 Spellcasting
 + Level 2.9 Conjurations
   Level 1.1 Summonings
 - Level 1.1 Translocations
 + Level 0.2 Air Magic
 + Level 0.4 Poison Magic


You had one spell level left.
You knew the following spells:

 Your Spells              Type           Power        Failure   Level  Hunger
d - Conjure Flame         Conj/Fire      ##......     17%         3    ##.....
q - Blink                 Tloc           N/A          12%         2    None
w - Repel Missiles        Chrm/Air       #.....       17%         2    None
x - Mephitic Cloud        Conj/Pois/Air  ##......     17%         3    ##.....
z - Magic Dart            Conj           ###.         2%          1    None


Dungeon Overview and Level Annotations

Branches:
Dungeon (3/15)

Altars:
Ashenzari
Gozag
The Shining One

Annotations:
D:3 Robin


Message History

Robin is moderately wounded.
The goblin closely misses you.
Robin hits you with a short sword of speed!
Ouch! That really hurt!
* * * LOW HITPOINT WARNING * * *
The goblin hits you with a club.
* * * LOW HITPOINT WARNING * * *
Robin hits the goblin with a short sword of speed.
The goblin is killed!
The goblin barely misses you.
Robin hits the goblin with a short sword of speed.
The goblin is killed!
The goblin closely misses you.
Found a viscous pink potion.
Found 7 gold pieces.
You see here an emerald ring.
Found a smoky coppery potion.
There is an escape hatch in the ceiling here.
The goblin hits you with a club.
You die...

.. .......#. ...
...#...# ..!.
##......### #Y ....#
##.........###.
.....#####...........# .
........)..........# #
####.@..........# ###
#....g..)...<..#####..
#...#.#g..#...##.'...# #
..###.#g#........#...# #
.......g...###..###..###
..!.........###...#...'.
........g....##########.
..............# #....#
#.$...........########.#


You could see a hobgoblin and 4 goblins.

Vanquished Creatures
  2 worms
  An orc (D:3)
  4 giant cockroaches
  10 goblins
  6 hobgoblins
  3 ball pythons (D:1)
  5 bats
  3 giant newts (D:2)
  5 kobolds
  A quokka (D:2)
  A rat (D:2)
41 creatures vanquished.

Notes
Turn   | Place    | Note
--------------------------------------------------------------
     0 | D:1      | pk666 the Deep Elf Wizard began the quest for the Orb.
     0 | D:1      | Reached XP level 1. HP: 10/10 MP: 7/7
   289 | D:1      | Reached XP level 2. HP: 15/15 MP: 7/9
  1168 | D:2      | Found a shattered altar of Ashenzari.
  1304 | D:2      | Found a glowing golden altar of the Shining One.
  1411 | D:2      | Reached skill level 5 in Spellcasting
  1411 | D:2      | Reached XP level 3. HP: 19/19 MP: 3/11
  1415 | D:2      | Learned a level 2 spell: Blink
  1418 | D:2      | Learned a level 2 spell: Repel Missiles
  1422 | D:2      | Learned a level 3 spell: Conjure Flame
  1426 | D:2      | Learned a level 3 spell: Mephitic Cloud
  1640 | D:2      | Found an opulent altar of Gozag.
  1822 | D:3      | Noticed a sky beast
  1965 | D:3      | Noticed Robin
  1990 | D:3      | Slain by a goblin

Vault maps used:
D:1:      dpeg_arrival_shelter
D:2:      tso_metal_star, lemuel_doored_altar,
          nicolae_gozag_cash_rules_everything_around_me, first_bread,
          minivault_23
D:3:      kennysheep_nondescript, uniq_sigmund, uniq_robin

Action                   || total
-------------------------++-------
Melee: Dagger            ||     1
 Cast: Magic Dart        ||    97
       Mephitic Cloud    ||     1
       Repel Missiles    ||     1
  Eat: Chunk             ||     3
